 Dungeon Crawl Stone Soup version 0.30-a0-778-g2ef04afb54 (webtiles) character file.

Game seed: 10331885179827176993

5779 mistaj the Slicer (level 10, -1/57 HPs)
             Began as a Vine Stalker Fighter on Feb 15, 2023.
             Was a Follower of Makhleb.
             Slain by Eustachio
             ... wielding a +0 rapier of holy wrath
              (6 damage)
             ... on level 9 of the Dungeon.
             The game lasted 00:16:38 (8325 turns).

mistaj the Slicer (Vine Stalker Fighter)            Turns: 8325, Time: 00:16:38

Health: -1/57      AC:  0    Str: 23    XL:     10   Next: 78%
Magic:  0/11       EV: 13    Int:  8    God:    Makhleb [*.....]
Gold:   452        SH:  0    Dex: 14    Spells: 9/9 levels left

rFire   . . .      SeeInvis .      - Unarmed
rCold   . . .      Faith    .    (shield currently unavailable)
rNeg    . . .      Spirit   +    (body armour currently unavailable)
rPois   .          Reflect  .    (helmet currently unavailable)
rElec   .          Harm     .    (cloak currently unavailable)
rCorr   .          Rampage  .    (gloves currently unavailable)
Will    .....                    (boots currently unavailable)
Stlth   +                        q - amulet of regeneration
HPRegen 1.89/turn                (ring currently unavailable)
MPRegen 0.12/turn                (ring currently unavailable)

@: pig-form, weak-willed, very quick
A: fast, no casting, small, (fangs 3), regeneration 1, magic shield, (antimagic
bite), no potion heal 2
a: Renounce Religion


You were on level 9 of the Dungeon.
You worshipped Makhleb.
Makhleb was aware of your devotion.
You were a filthy swine.
You visited 3 branches of the dungeon, and saw 11 of its levels.

You collected 452 gold pieces.

Inventory:

Hand Weapons
 v - a +2 dagger of venom
 x - a +3 dagger
 y - a +2 dagger of draining (melded)
Missiles
 C - 2 throwing nets (quivered)
 F - 4 javelins
 I - 2 silver javelins
Armour
 E - a +0 plate armour (melded)
 J - a +0 cloak (melded)
 K - a +0 kite shield (melded)
Jewellery
 q - an amulet of regeneration (around neck)
 z - a ring of protection from cold (melded)
 H - a +5 ring of evasion (melded)
Wands
 a - a wand of roots (17)
 d - a wand of digging (9)
 r - a wand of charming (4)
 G - a wand of light (9)
Scrolls
 i - 2 scrolls of vulnerability
 l - 2 scrolls of amnesia
 n - 3 scrolls of teleportation {unknown}
 s - 2 scrolls of immolation
 t - a scroll of silence {unknown}
 u - 2 scrolls of noise {unknown}
 w - 2 scrolls of brand weapon {unknown}
 A - a scroll of fear {unknown}
Potions
 c - a potion of might
 e - 2 potions of mutation
 f - 5 potions of curing
 g - 2 potions of cancellation
 h - 5 potions of lignification
 j - a potion of berserk rage
 k - 3 potions of brilliance {unknown}
 o - 2 potions of magic {unknown}
 p - 4 potions of haste
 B - a potion of attraction {unknown}
 D - a potion of flight {unknown}


   Skills:
 + Level 8.6 Fighting
 * Level 10.7 Short Blades
 - Level 2.4 Armour
 - Level 5.4 Shields
 - Level 3.6 Unarmed Combat


You had 9 spell levels left.
You didn't know any spells.
Your spell library contained the following spells:

 Spells                   Type           Power      Damage    Failure   Level
 Ensorcelled Hibernation  Hex/Ice        0%         N/A       54%         2
 Passwall                 Tmut/Erth      0%         N/A       54%         2
 Ozocubu's Armour         Ice            0%         N/A       78%         3
 Swiftness                Air            0%         N/A       78%         3
 Metabolic Englaciation   Hex/Ice        0%         N/A       100%        5
 Simulacrum               Ice/Necr       0%         N/A       100%        6


Dungeon Overview and Level Annotations

Branches:
Dungeon (9/15)             Temple (1/1) D:7            Lair (1/5) D:8
    Orc: D:9-12

Altars:
Ashenzari
Elyvilon
Fedhas
Gozag
Hepliaklqana
Kikubaaqudgha
Makhleb
Nemelex Xobeh
Ru
Sif Muna
Trog
Uskayaw
Vehumet
Wu Jian
Xom
Yredelemnul
Zin
The Shining One

Shops:
D:2 [   D:6 :

Annotations:
D:3 3 runed translucent doors, Juicyj's ghost, amateur TrHW
D:9 Eustachio
Lair:1 Amaemon


Innate Abilities, Weirdness & Mutations

You are a filthy swine.
You move quickly.
Your equipment is almost entirely melded.
You are incapable of wielding weapons or throwing items.
You cannot cast spells.
((You have razor-sharp teeth.))
Your natural rate of healing is unusually fast.
When hurt, damage is shared between your health and your magic reserves.
((Your bite disrupts and absorbs the magic of your enemies.))
Potions cannot restore your health.


Message History

Eustachio is moderately wounded.
The river rat barely misses you. The bat barely misses you.
Eustachio casts a spell.
You closely miss the iron imp. The bat hits you. The river rat bites you!
The ufetubus hits you. x2
You closely miss the ufetubus. The bat hits you. Eustachio closely misses you.
The crimson imp hits you. The ufetubus barely misses you.
The ufetubus hits you. The iron imp closely misses you.
The river rat bites you.
As you read the scroll labelled NEOM TOCIXKOQE, it crumbles to dust.
The creatures around you are filled with an inner flame!
It was a scroll of immolation.
The bat hits you. The ufetubus closely misses you. The ufetubus hits you.
Eustachio misses you. The crimson imp barely misses you.
The river rat bites you. The iron imp hits you.
As you read the scroll labelled ADDANY VUOW SOE, it crumbles to dust.
Magic quickly surges around you.
It was a scroll of vulnerability.
The bat hits you. The ufetubus barely misses you. x2
Eustachio barely misses you. The crimson imp hits you.
The ufetubus barely misses you. The ufetubus hits you.
The river rat completely misses you.
As you read the scroll labelled IRENAGE FELA, it crumbles to dust.
It is a scroll of amnesia.
You feel forgetful for a moment. The bat closely misses you.
The ufetubus hits you. x2
* * * LOW HITPOINT WARNING * * *
The iron imp completely misses you.
Eustachio hits you with a +0 rapier of holy wrath!
* * * LOW HITPOINT WARNING * * *
The crimson imp completely misses you. The river rat barely misses you.
The air fills with toxic fumes!
As you read the scroll labelled XYMMIG XISYOVO, it crumbles to dust.
It was a scroll of poison.
The bat barely misses you. The ufetubus hits you.
* * * LOW HITPOINT WARNING * * *
The ufetubus hits you.
* * * LOW HITPOINT WARNING * * *
The bat hits you.
* * * LOW HITPOINT WARNING * * *
Eustachio hits you with a +0 rapier of holy wrath!
You die...

#.# # #.. .# #. ######
#.# .# ...##....# #.#
.. ......r#.####.# .#
....@.....).#.# .##
.###...###§#§#####§§#
#)#...# #§§§§@br§§§#
### ##...#
#####rh5§### ###.##
......# #5#5#§##
####.)... ........#
####§#§##.####........
#########
#..§§#§§..##......##..
#z#######.#.....######
#..z)#.........##
####)#.##[.....#
#)#.#....####
#...)##.##


You could see Eustachio (inner flame, weak-willed), an iron imp (summoned, inner
flame, weak-willed), a crimson imp (summoned, inner flame, weak-willed), a river
rat (summoned, inner flame, weak-willed), an ufetubus (summoned, inner flame,
weak-willed), a bat (summoned, inner flame, weak-willed) and a rat (summoned,
inner flame, weak-willed).

Vanquished Creatures
  A hydra (Lair:1)
  Maurice (D:9)
  A rime drake (Lair:1)
  A wraith (D:9)
  2 wyverns (D:9)
  5 yaks (D:9)
  A water moccasin (D:6)
  2 ice beasts (D:6)
  4 orc warriors
  3 black bears
  3 sky beasts
  3 phantoms
  A centaur (D:6)
  A kobold brigand (D:7)
  3 bullfrogs
  12 wights
  3 howler monkeys
  2 jellies
  A hound (D:6)
  3 gnoll boudas
  9 orc priests
  Jessica (D:3)
  An iguana (D:5)
  6 orc wizards
  13 gnolls
  6 adders
  A white imp (D:6)
  An ufetubus (D:7)
  2 worms (D:3)
  2 dart slugs
  29 orcs
  7 endoplasms
  4 giant cockroaches
  5 goblins
  5 hobgoblins
  10 jackals
  4 quokkas
  8 ball pythons
  A bat (D:2)
  3 frilled lizards
  5 kobolds
  4 rats
180 creatures vanquished.

Vanquished Creatures (others)
  3 plants (D:5)
3 creatures vanquished.

Grand Total: 183 creatures vanquished

Notes
Turn   | Place    | Note
-------+----------+-------------------------------------------
     0 | D:1      | mistaj the Vine Stalker Fighter began the quest for the
                  | Orb.
     0 | D:1      | Reached XP level 1. HP: 11/11 MP: 2/2
   125 | D:1      | Reached XP level 2. HP: 16/16 MP: 3/3
   774 | D:2      | Reached XP level 3. HP: 18/20 MP: 2/4
   969 | D:2      | Found Qonieck's Antique Armour Shop.
  1518 | D:3      | Found a faded altar of an unknown god.
  1525 | D:3      | Gained mutation: Your natural rate of healing is unusually
                  | fast. [Vine Stalker growth]
  1525 | D:3      | Reached XP level 4. HP: 23/24 MP: 5/5
  1587 | D:3      | Found a runed translucent gate.
  1588 | D:3      | Found a runed translucent gate.
  1590 | D:3      | Found a runed translucent gate.
  1592 | D:3      | Noticed Juicyj's ghost (amateur TrHW)
  1596 | D:3      | You fall into a shaft and drop 1 floor!
  1838 | D:4      | HP: 1/24 [acid (2)]
  2024 | D:3      | Noticed Jessica
  2041 | D:3      | Killed Jessica
  2042 | D:3      | Reached XP level 5. HP: 29/29 MP: 3/6
  2486 | D:3      | Reached skill level 1 in Short Blades
  2486 | D:3      | Reached XP level 6. HP: 33/33 MP: 4/7
  2637 | D:3      | Found a sacrificial altar of Ru.
  2648 | D:3      | Found an ornate altar of the Wu Jian Council.
  2978 | D:3      | Reached skill level 2 in Short Blades
  3325 | D:4      | Found a hide-covered altar of Uskayaw.
  3348 | D:5      | Entered Level 5 of the Dungeon
  3379 | D:4      | Reached XP level 7. HP: 38/38 MP: 5/8
  3659 | D:5      | Reached skill level 3 in Short Blades
  4064 | D:5      | Reached skill level 4 in Short Blades
  4441 | D:5      | Reached skill level 5 in Fighting
  4441 | D:5      | Reached skill level 5 in Shields
  4441 | D:5      | Gained mutation: You have razor-sharp teeth. [Vine Stalker
                  | growth]
  4441 | D:5      | Reached XP level 8. HP: 35/43 MP: 6/9
  4795 | D:5      | Reached skill level 5 in Short Blades
  4825 | D:6      | Found Joss's Book Shop.
  4892 | D:6      | Reached skill level 6 in Short Blades
  4945 | D:6      | Reached XP level 9. HP: 48/48 MP: 10/10
  5456 | D:6      | Reached skill level 7 in Short Blades
  6197 | D:7      | Reached skill level 8 in Short Blades
  6225 | D:7      | Found a bloodstained altar of Trog.
  6241 | D:7      | Found a staircase to the Ecumenical Temple.
  6327 | Temple   | Entered the Ecumenical Temple
  6384 | Temple   | Became a worshipper of Makhleb the Destroyer
  6819 | D:8      | Found a staircase to the Lair.
  7143 | D:8      | Found a sparkling altar of Nemelex Xobeh.
  7143 | D:8      | Found an opulent altar of Gozag.
  7456 | Lair:1   | Entered Level 1 of the Lair of Beasts
  7461 | Lair:1   | Noticed a rime drake
  7470 | Lair:1   | Killed a rime drake
  7471 | Lair:1   | Reached skill level 9 in Short Blades
  7471 | Lair:1   | Reached XP level 10. HP: 52/55 MP: 11/11
  7474 | Lair:1   | Noticed a six-headed hydra
  7493 | Lair:1   | Killed a six-headed hydra
  7644 | Lair:1   | Noticed Amaemon
  7644 | Lair:1   | Noticed an orange demon
  7750 | D:9      | Reached skill level 10 in Short Blades
  7928 | D:9      | Noticed Maurice
  7952 | D:9      | Killed Maurice
  8146 | D:9      | Found a glowing golden altar of the Shining One.
  8230 | D:9      | Noticed Eustachio
  8263 | D:9      | Reached * piety under Makhleb
  8325 | D:9      | Slain by Eustachio

Illustrated notes

Levels and vault maps discovered:
D:1:      kennysheep_arrival_forest, layout_rooms
D:2:      layout_basic, serial_shops, nicolae_shop_behind_doors
D:3:      layout_loops_ring, minitemple, basic_ecumenical_altar,
          gammafunk_ghost_necromancy, minmay_vboxes, uniq_jessica
D:4:      layout_basic, mainiacjoe_overflow_alcove_2
D:5:      layout_basic, serial_bayou_crossing
D:6:      layout_loops_ring, serial_shops, shop
D:7:      layout_rooms, bloody_trog, temple_statues
D:8:      layout_loops_ring, grunt_temple_overflow_opulence, lair_entry_dummy
D:9:      layout_loops_ring, nicolae_tso_carved_into_rock, sword_in_stone,
          uniq_maurice
Temple:   nicolae_temple_ecumenical_triangle
Lair:1:   layout_regular_city, serial_bayou_shore_a, uniq_amaemon

Skill      XL: |  1  2  3  4  5  6  7  8  9 10 |
---------------+-------------------------------+-----
Fighting       | 3 4 5 6 7 8 |  8.6
Shields        | 3 4 5 |  5.4
Unarmed Combat | 3 |  3.6
Short Blades   | 1 2 4 6 9 10 | 10.7
Armour         | |  2.4

Action                     |  1- 3 |  4- 6 |  7- 9 | 10-12 || total
---------------------------+-------+-------+-------+-------++-------
  Melee: Unarmed           |   121 |    82 |       |     7 ||   210
         Bite              |    31 |    41 |   156 |    75 ||   303
         Dagger            |       |    71 |   488 |   189 ||   748
    Use: Scroll            |     2 |     1 |     4 |     4 ||    11
 Armour: Scale mail        |    44 |    55 |    71 |       ||   170
         Plate armour      |       |       |    68 |    42 ||   110
         Leather armour    |       |       |     9 |       ||     9
  Dodge: Dodged            |    42 |    45 |   112 |    64 ||   263
  Block: Buckler           |    26 |    27 |    94 |    25 ||   172

Table legend: (Time is in decaauts)
 A = Elapsed time spent in this place.
 B = Non-inter-level travel time spent in this place.
 C = Inter-level travel time spent in this place.
 D = Time resting spent in this place.
 E = Time spent auto-exploring this place.
 F = Levels seen in this place.
 G = Mean time per level.
                   A        B        C        D        E       F      G
               +--------+--------+--------+--------+--------+-----+--------+
         Total |   8136 |   7928 |    208 |   1106 |   4633 |  11 |  739.6 |
       Dungeon |   7873 |   7673 |    200 |    987 |   4581 |   9 |  874.8 |
        Temple |     66 |     58 |      8 |      0 |     36 |   1 |   66.0 |
          Lair |    196 |    196 |      0 |    119 |     16 |   1 |  196.0 |
               +--------+--------+--------+--------+--------+-----+--------+

Top non-repeatable levels by time:
     D:6: 1286 daAuts
     D:5: 1224 daAuts
     D:3: 1150 daAuts
     D:2: 865 daAuts
     D:4: 829 daAuts
     D:8: 660 daAuts
     D:1: 652 daAuts
     D:7: 620 daAuts
     D:9: 584 daAuts
  Lair:1: 196 daAuts
  Temple: 66 daAuts
